 Dungeon Crawl Stone Soup version 0.26.1-11-gd32895ea62 (webtiles) character file.

Game seed: 1743986461596286926

105 Zeld the Changer (level 4, 0/29 HPs)
             Began as an Octopode Transmuter on May 28, 2021.
             Slain by a worm (1 damage)
             ... on level 3 of the Dungeon.
             The game lasted 00:01:46 (1535 turns).

Zeld the Changer (Octopode Transmuter)              Turns: 1535, Time: 00:01:46

Health: 0/29       AC:  1    Str: 10    XL:     4   Next: 83%
Magic:  8/8        EV: 14    Int: 15    God:
Gold:   23         SH:  0    Dex: 12    Spells: 3/9 levels left

rFire    . . .     SeeInvis .     - Unarmed
rCold    . . .     Faith    .   (no shield)
rNeg     . . .     Spirit   .   (helmet restricted)
rPois    .         Reflect  .   (no amulet)
rElec    .         Harm     .   (no ring)
rCorr    .         Rampage  .   (no ring)
Will     .....                  (no ring)
Stlth    +++.......             (no ring)
HPRegen  0.09/turn              (no ring)
MPRegen  0.11/turn              (no ring)
                                (no ring)
                                (no ring)

@: hasted, very quick
A: almost no armour, stealthy swim, amphibious, 8 rings, constrict 8, camouflage
1, gelatinous body 1
a: no special abilities


You were on level 3 of the Dungeon.
You visited 1 branch of the dungeon, and saw 3 of its levels.

You collected 23 gold pieces.

Inventory:

Scrolls
 a - 3 scrolls of identify {unknown}
 b - 2 scrolls of enchant armour {unknown}
 c - a scroll of enchant weapon {unknown}
Potions
 d - a potion of resistance {unknown}
 e - a potion of haste


   Skills:
 + Level 2.0 Fighting
 + Level 2.6 Dodging
 - Level 3.0 Unarmed Combat
 * Level 3.0 Spellcasting
 * Level 3.2 Transmutations


You had 3 spell levels left.
You knew the following spells:

 Your Spells              Type           Power        Failure   Level
a - Beastly Appendage     Tmut           22%          5%          1
b - Wereblood             Tmut           11%          9%          2
c - Spider Form           Tmut/Pois      3%           30%         3

Your spell library contained the following spells:

 Spells                   Type           Power        Failure   Level
 Ice Form                 Ice/Tmut       7%           71%         4
 Blade Hands              Tmut           5%           83%         5


Dungeon Overview and Level Annotations

Branches:
Dungeon (3/15)

Altars:
Yredelemnul

Annotations:
D:3 Grinder


Innate Abilities, Weirdness & Mutations

You cannot wear most types of armour.
You are very stealthy in the water. (Stealth+)
You are amphibious.
You can wear up to eight rings at the same time.
You can use your tentacles to constrict eight enemies at once.
Your skin changes colour to match your surroundings (Stealth+).
Your rubbery body absorbs attacks. (AC +1, EV +1)


Message History

The frilled lizard hisses.
You tentacle-slap the rat.
You kill the rat!
* * * LOW HITPOINT WARNING * * *
You feel sick.
You are no longer poisoned.
You see here a rat corpse.
A leopard gecko comes into view.
A worm comes into view.
The helpless leopard gecko fails to defend itself.
You tentacle-slap the leopard gecko. Your grab misses the leopard gecko.
The leopard gecko is severely wounded.
The leopard gecko closely misses you.
You tentacle-slap the leopard gecko. You grab the leopard gecko.
The leopard gecko is almost dead.
You constrict the leopard gecko.
You kill the leopard gecko!
You see here a leopard gecko corpse.
The worm bites you.
You die...

##≈≈####o≈##.#+#.....#
#≈≈o≈†o≈g≈≈..........#
##≈≈####o≈##.........### #l##
####...b...#..... #≈#
#....(..#..... ## #≈#
≈#.......#..... #. #†##
#≈#...$...#..... +#+#.##
##≈o####w≈##......#!....
......####≈≈≈≈≈†@≈≈≈#......#...l.
.........##≈≈####≈≈############'#
.........†####.#####.oo...# #.#
......###......##....####.# #.#
...............##....# #.#####.#
............<..##..o.# #.lo...l#
......##.......##o.ol# #.#######
+##..........#.##....# #+#
#.########+#.....#+#


You could see a worm and an orc.

Vanquished Creatures
  5 adders
  A gnoll (D:1)
  A worm (D:2)
  A dart slug (D:1)
  2 leopard geckos (D:3)
  9 bats
  4 giant cockroaches
  4 goblins (D:1)
  3 hobgoblins (D:2)
  3 kobolds (D:2)
  2 quokkas (D:2)
  A ball python (D:1)
  2 frilled lizards
  6 rats
44 creatures vanquished.

Notes
Turn   | Place    | Note
-------+----------+-------------------------------------------
     0 | D:1      | Zeld the Octopode Transmuter began the quest for the Orb.
     0 | D:1      | Reached XP level 1. HP: 13/13 MP: 3/3
    66 | D:1      | Reached XP level 2. HP: 13/18 MP: 3/5
    72 | D:1      | Learned a level 2 spell: Wereblood
   449 | D:1      | Reached XP level 3. HP: 23/23 MP: 4/6
   453 | D:1      | Learned a level 3 spell: Spider Form
  1183 | D:2      | Reached XP level 4. HP: 24/29 MP: 8/8
  1360 | D:2      | Found a basalt altar of Yredelemnul.
  1449 | D:3      | Noticed Grinder
  1522 | D:3      | HP: 1/29 [poisoned by an adder]
  1528 | D:3      | HP: 1/29 [poisoned by an adder]
  1535 | D:3      | Slain by a worm

Illustrated notes

Levels and vault maps discovered:
D:1:      dpeg_arrival_tiny_a, layout_loops_ring
D:2:      layout_basic, lemuel_crystal_altar, hangedman_feature_mirror
D:3:      layout_basic, lemuel_doored_altar, gup_sewer_entry_bubbles,
          nrook_mini_vaults, minivault_27, uniq_grinder

Skill      XL: |  1  2  3  4 |
---------------+-------------+-----
Transmutations | 3 |  3.2
Fighting       | 2 |  2.0
Spellcasting   | 3 |  3.0
Dodging        | |  2.6
Unarmed Combat | |  3.0

Action                   |  1- 3 |  4- 6 || total
-------------------------+-------+-------++-------
Melee: Unarmed           |    71 |    35 ||   106
       Constrict         |    23 |    14 ||    37
       Tentacles         |     6 |     6 ||    12
       Kick              |     6 |     7 ||    13
       Punch             |     1 |     2 ||     3
 Cast: Beastly Appendage |    12 |     4 ||    16
  Use: Potion            |       |     1 ||     1
 Stab: Sleeping          |     2 |     4 ||     6
Armor: Skin              |     9 |     6 ||    15
Dodge: Dodged            |    64 |    37 ||   101
